 Dungeon Crawl Stone Soup version 0.27-a0-1334-g2746e35aca (webtiles) character file.

Game seed: 8237130325681074464

63492 Sobieck the Warrior (level 15, -2/170 HPs)
             Began as an Ogre Berserker on June 26, 2021.
             Was a High Priest of Trog.
             Slain by Snorg (10 damage)
             ... on level 13 of the Dungeon.
             The game lasted 00:55:52 (24344 turns).

Sobieck the Warrior (Ogre Berserker)               Turns: 24344, Time: 00:55:53

Health: -2/170     AC:  5    Str: 36    XL:     15   Next: 9%
Magic:  15/15      EV: 16    Int:  8    God:    Trog [*****.]
Gold:   1613       SH:  0    Dex:  8    Spells: 14/14 levels left

rFire    . . .     SeeInvis +   a - +6 giant spiked club (flame) {mace}
rCold    . . .     Faith    .   (shield currently unavailable)
rNeg     . . .     Spirit   .   z - +3 troll leather armour
rPois    .         Reflect  .   (helmet restricted)
rElec    .         Harm     .   Y - +0 cloak
rCorr    +         Rampage  .   (gloves unavailable)
Will     +....                  (boots unavailable)
Stlth    +.........             (no amulet)
HPRegen  1.38/turn              j - +4 ring of evasion
MPRegen  0.14/turn              I - ring "Pykes" {rCorr Str+6 SInv}

@: corroded, on berserk cooldown, slowed, very slow
A: large, unfitting armour, tough skin 1
a: Renounce Religion, Berserk, Trog's Hand, Brothers in Arms


You were on level 13 of the Dungeon.
You worshipped Trog.
Trog was extremely pleased with you.
You visited 2 branches of the dungeon, and saw 21 of its levels.

You collected 1613 gold pieces.


Innate Abilities, Weirdness & Mutations

You are too large for most types of armour.
You have tough skin. (AC +1)


   Skills:
 + Level 16.0 Fighting
 * Level 15.9 Maces & Flails
 + Level 5.1 Throwing
 + Level 4.2 Armour
 + Level 11.8 Dodging


You had 14 spell levels left.
You didn't know any spells.
Your spell library contained the following spells:

 Spells                   Type           Power      Damage    Failure   Level
 Animate Skeleton         Necr           0%         N/A       43%         1
 Freeze                   Ice            0%         1d3       43%         1
 Magic Dart               Conj           0%         1d3       43%         1
 Pain                     Necr           0%         1d4       43%         1
 Shock                    Conj/Air       0%         1d3       43%         1
 Sting                    Tmut/Pois      0%         1d3       43%         1
 Blink                    Tloc           N/A        N/A       56%         2
 Call Imp                 Summ           0%         N/A       56%         2
 Poisonous Vapours        Pois/Air       0%         N/A       56%         2
 Slow                     Hex            0%         N/A       56%         2
 Static Discharge         Conj/Air       0%         N/A       56%         2
 Confusing Touch          Hex            0%         N/A       80%         3
 Conjure Flame            Conj/Fire      0%         6-21      80%         3
 Frozen Ramparts          Ice            0%         1d2       80%         3
 Gell's Gravitas          Tloc           0%         N/A       80%         3
 Ignite Poison            Fire/Tmut/Pois 0%         N/A       80%         3
 Mephitic Cloud           Conj/Pois/Air  0%         N/A       80%         3
 Ozocubu's Armour         Ice            0%         N/A       80%         3
 Swiftness                Air            0%         N/A       80%         3
 Vampiric Draining        Necr           0%         2d6       80%         3
 Airstrike                Air            0%         N/A       99%         4
 Animate Dead             Necr           0%         N/A       99%         4
 Hailstorm                Conj/Ice       0%         3d3       99%         4
 Olgreb's Toxic Radiance  Pois           0%         N/A       99%         4
 Petrify                  Tmut/Erth      0%         N/A       99%         4
 Agony                    Necr           0%         N/A       100%        5
 Lightning Bolt           Conj/Air       0%         1d11      100%        5
 Metabolic Englaciation   Hex/Ice        0%         N/A       100%        5
 Yara's Violent Unravell  Hex/Tmut       0%         3d3       100%        5

Inventory:

Hand Weapons
 a - a +6 giant spiked club of flaming (weapon) {mace}
   (You acquired it on level 11 of the Dungeon)
 b - a +0 fustibalus {sling}
   (You found it on level 7 of the Dungeon)
 c - a +3 dagger {short}
   (You took it off a kobold demonologist on level 12 of the Dungeon)
 i - a +1 morningstar of protection {mace}
   (You took it off a gargoyle on level 13 of the Dungeon)
Missiles
 d - 2 boomerangs of dispersal {=f!fthrowing}
 e - 745 stones {throwing}
 f - 2 curare-tipped darts {=fthrowing}
 m - 68 poisoned darts {throwing}
 s - 76 sling bullets
 B - 11 boomerangs {throwing}
 D - 4 throwing nets {=f!fthrowing}
 L - 13 large rocks (quivered) {=fthrowing}
 V - 2 javelins {throwing}
 W - 4 silver javelins {throwing}
Armour
 z - a +3 troll leather armour (worn)
   (You found it on level 5 of the Dungeon)
 Y - a +0 cloak (worn)
   (You found it on level 10 of the Dungeon)
Jewellery
 j - a +4 ring of evasion (left hand)
   (You found it on level 2 of the Dungeon)
 l - a ring of fire
   (You found it on level 6 of the Lair of Beasts)
 w - a ring of protection from fire
   (You found it on level 5 of the Dungeon)
 A - a ring of ice
   (You found it on level 7 of the Dungeon)
 F - a ring of positive energy
   (You found it on level 5 of the Lair of Beasts)
 I - the ring "Pykes" (right hand) {rCorr Str+6 SInv}
   (You acquired it on level 1 of the Lair of Beasts)

   [ring of strength]

   It affects your strength (+6).
   It lets you see invisible.
   It protects you from acid and corrosion.
 U - a ring of poison resistance
   (You found it on level 10 of the Dungeon)
Wands
 k - a wand of mindburst (17)
   (You found it on level 5 of the Lair of Beasts)
 t - a wand of digging (12)
   (You took it off Duvessa on level 4 of the Dungeon)
 x - a wand of iceblast (57)
   (You found it on level 5 of the Dungeon)
 E - a wand of acid (16)
   (You found it on level 7 of the Dungeon)
 X - a wand of paralysis (14)
   (You found it on level 10 of the Dungeon)
Scrolls
 p - 9 scrolls of teleportation {@r4}
 r - 2 scrolls of brand weapon
 v - a scroll of summoning
 G - 3 scrolls of blinking {!r}
 H - 2 scrolls of identify {@r1}
 K - 6 scrolls of fog
 O - a scroll of vulnerability {!r!r}
 Z - 2 scrolls of immolation {!r!r}
Potions
 g - 4 potions of cancellation
 h - 8 potions of curing {@q1}
 n - 2 potions of might
 o - 4 potions of mutation {!q}
 q - a potion of invisibility
 u - 3 potions of haste {@q3}
 J - 4 potions of lignification {!q}
 P - 5 potions of flight
 R - a potion of heal wounds {@q2}
 S - a potion of resistance
Miscellaneous
 y - a tin of tremorstones (2/2) {throwing}
   (You found it on level 3 of the Lair of Beasts)
 N - a piece from Xom's chessboard (15/15)
   (You found it on level 3 of the Lair of Beasts)
 Q - a phial of floods
   (You found it on level 9 of the Dungeon)

Dungeon Overview and Level Annotations

Branches:
Dungeon (15/15)            Temple (0/1) D:7            Lair (6/6) D:10
 Shoals (0/4) Lair:3        Snake (0/4) Lair:3        Slime (0/5) Lair:6
    Orc (0/2) D:9
 Vaults: D:13-14     Depths: D:15

Altars:
Dithmenos
Elyvilon
Fedhas
Gozag
Kikubaaqudgha
Makhleb
Okawaru
Qazlal
Ru
Uskayaw
Wu Jian
The Shining One
Jiyva

Shops:
D:3 *   D:6 (   D:9 *

Annotations:
D:11 3 runed translucent doors, Nuanaw's ghost, journeyman MiFi
D:12 1 runed translucent door, Owiud's ghost, journeyman HuFi
D:13 Snorg
Lair:5 exclusion: downstairs
Lair:6 1 runed translucent door

######## ### #.#
..^.(. .. ..# #.#
###### #. #.# #.#
##########. #.# #.#
.........##.###B####.#
########.##...9T@..#.#
#.##..#####†#.# #.##..
#.#.# #.##.D #.).#####
###.###. #.........
#...# #' ###.........
#.#.# .O #....###.###
######.#.# Y≈ #....#
#.# .........# #.####
#.#


You could see Snorg (berserk), a boulder beetle and a gargoyle.


Message History

You regained 2 hp, and now have 163/170 hp.
The acid dragon spits acid at you. The splash of acid misses you.
You hear a shout!
You hear a bellow! 😕 HP[+1] 😕 HP[+1] 😕 HP[+2]
You regained 2 hp, and now have 167/170 hp. 😕 HP[+1] 😎 HP[+2]
Your hp is fully restored (170).
A red film seems to cover your vision as you go berserk!
You feel yourself moving faster!
You feel mighty!
The two-headed ogre hits you with a +0 giant club!
The two-headed ogre hits you with a +0 giant club!! 😕 HP[+47]
You now have 255 max hp (+85).
You regained 47 hp, and now have 217/255 hp.
You sock the two-headed ogre! You burn the two-headed ogre. 😕 HP[+1]
You skewer the two-headed ogre like a kebab!!!
You burn the two-headed ogre!
You kill the two-headed ogre!
Trog accepts your kill.
You hear a shout!
Your Throwing skill increases to level 5! 😕 HP[+1]
Things that are here:
a +0 giant club {mace}; a +0 giant club {mace}; a two-headed ogre corpse 😕 HP[+1]
You feel a strong urge to attack something.
You are no longer corroded. 😕 HP[+1]
You hit the catoblepas but do no damage.
The catoblepas misses you. 😕 HP[+1]
You hammer the catoblepas like a gong!!!
You burn the catoblepas!
You kill the catoblepas!
Trog accepts your kill. 😕 HP[+1]
A boulder beetle and Snorg come into view.
A gargoyle comes into view. It is wielding a +0 mace.
You see here a catoblepas corpse. 😕 HP[+1]
You feel a strong urge to attack something.
The acid dragon spits acid at you. The splash of acid hits you. You resist.
The acid corrodes you!
You are splashed with acid.
You resist. 😕 HP[-7]
You take 7 damage, and now have 217/255 hp.
You impale the acid dragon!! You burn the acid dragon.
The acid dragon closely misses you.
The acid dragon completely misses you. 😕 HP[+1]
You pound the acid dragon like an anvil!!!
You burn the acid dragon.
You kill the acid dragon!
Trog accepts your kill.
Snorg goes berserk!
The gargoyle hurls a stone arrow at you.
The stone arrow misses you. 😕 HP[+1] Snorg bites you!!
Snorg barely misses you. Snorg claws you.
You see here an acid dragon corpse. 😕 HP[-20]
You take 20 damage, and now have 199/255 hp.
You barely miss Snorg. Snorg closely misses you. Snorg claws you. x2
The gargoyle hits you with a +0 mace! 😮 HP[-18]
You take 18 damage, and now have 181/255 hp.
You barely miss Snorg. Snorg misses you. x2; Snorg claws you!
The gargoyle closely misses you. 😮 HP[-6]
You take 6 damage, and now have 175/255 hp.
Unknown command.
You barely miss Snorg.
You are no longer berserk.
You are exhausted.
You feel yourself slow down. Snorg bites you! Snorg claws you!
Snorg claws you. 😮 HP[-75]
You now have 170 max hp (-85).
You hammer Snorg like a gong!!! You burn Snorg!! Snorg bites you!!
* * * LOW HITPOINT WARNING * * *
Snorg barely misses you. Snorg misses you. Snorg closely misses you.
Snorg completely misses you. Snorg claws you.
* * * LOW HITPOINT WARNING * * *
Snorg misses you. Snorg completely misses you. Snorg claws you!!
* * * LOW HITPOINT WARNING * * *
😨 HP[-42]
You take 42 damage, and now have 58/170 hp.
MASSIVE DAMAGE!! (PAUSE)
You impale Snorg!! You burn Snorg. The boulder beetle bites you!!
* * * LOW HITPOINT WARNING * * *
Snorg completely misses you. Snorg claws you.
* * * LOW HITPOINT WARNING * * *
Snorg closely misses you. The boulder beetle bites you!!
* * * LOW HITPOINT WARNING * * *
Snorg barely misses you. Snorg completely misses you. Snorg claws you!
You die...

Skill      XL: |  1  2  3  4  5  6  7  8  9 10 11 12 13 14 15 |
---------------+----------------------------------------------+-----
Maces & Flails | 3 4 5 6 7 9 10 12 15 | 15.9
Dodging        | 3 4 5 6 7 9 10 11 | 11.8
Fighting       | 5 6 7 9 11 12 14 15 16 | 16.0
Throwing       | 1 4 5 |  5.1
Armour         | 1 4 |  4.2

Action                   |  1- 3 |  4- 6 |  7- 9 | 10-12 | 13-15 || total
-------------------------+-------+-------+-------+-------+-------++-------
Melee: Mace              |    73 |    75 |       |       |       ||   148
       Flail             |       |    89 |    28 |       |       ||   117
       Dire flail        |       |       |   278 |   224 |       ||   502
       Giant spiked club |       |       |       |   185 |   446 ||   631
 Fire: Fustibalus        |       |       |    31 |   116 |   133 ||   280
Throw: Stone             |       |    18 |     3 |       |       ||    21
       Dart              |       |       |    34 |    14 |       ||    48
       Large rock        |       |       |       |     9 |    13 ||    22
Invok: Berserk           |     7 |    11 |    12 |    20 |    15 ||    65
       Trog's Hand       |       |       |     2 |       |       ||     2
       Brothers in Arms  |       |       |       |     1 |       ||     1
  Use: Scroll            |       |     6 |     6 |    16 |     8 ||    36
       Potion            |       |       |       |     3 |       ||     3
 Stab: Sleeping          |     1 |       |       |       |       ||     1
       Distracted        |       |       |       |     1 |       ||     1
       Petrified         |       |       |       |       |     1 ||     1
Armor: Animal skin       |    22 |    36 |     6 |       |       ||    64
       Troll leather arm |       |       |   101 |   156 |   190 ||   447
Dodge: Dodged            |    32 |   121 |   288 |   381 |   438 ||  1260

Levels and vault maps discovered:
D:1:      onia_arrival_zoo_common, layout_rooms,
          ebering_ecumenical_altar_abandoned, minivault_19, lemuel_old_faithful
D:2:      layout_basic, uniq_robin
D:3:      layout_basic, elyvilon_altar_4, serial_shops,
          nicolae_shop_statue_plus, lightli_sewer_entry_pipes
D:4:      layout_cave_pools, amcnicky_altar_gilded, uniq_duvessa
D:5:      layout_basic, grunt_qazlal_clouds, chequers_serial_rivers_large_b
D:6:      layout_loops_ring, lemuel_zombie_altar_kikubaaqudgha, serial_shops,
          shop
D:7:      layout_loops_cross, temple_green
D:8:      layout_rooms, nicolae_overflow_crystal_walls, tso_metal_star,
          minitemple, amethyst_overflow_temple_binary, lemuel_doored_altar,
          serial_corexii_hall, corexii_hall_statues_l,
          corexii_hall_statues_deadend, corexii_hall_statues_x,
          corexii_hall_statues_l, minmay_lizard_king
D:9:      layout_small_grid, nicolae_uskayaw_en_pointe, erik_orc_4,
          serial_shops, nicolae_shop_overgrown_old_shop, minmay_crystal_water
D:10:     layout_loops_cross, dpeg_oklobed_lair
D:11:     layout_rooms, serial_corexii_hall, corexii_hall_statues_l,
          corexii_hall_statues_t, gammafunk_ghost_split,
          nicolae_gozag_cash_rules_everything_around_me
D:12:     layout_loops_ring, ebering_ghost_inner_flame
D:13:     layout_loops_ring, serial_bayou, serial_bayou_pond_e,
          serial_bayou_lagoon_b, serial_bayou_shore_b, serial_bayou_pond_e,
          kennysheep_generic_room_13, uniq_snorg
D:14:     layout_roguey, ximxim_vaults_locker_room, trog_three_pillars_becter,
          grunt_ministairs_10, nzn_hepliaklqana_mist_gate, uniq_josephine
D:15:     hangedman_depths_entry_civil_slaughter, layout_basic,
          gammafunk_ghost_split, hangedman_decor_points, worms_lemuel
Lair:1:   layout_roguey, minmay_holes, serial_bayou_crossing
Lair:2:   layout_small_grid, infiniplex_staircase_pool, uniq_sonja
Lair:3:   layout_gridlike, shoals_dummy_entry, dummy_snake_entry,
          cheibrodos_lair_reptile_den
Lair:4:   layout_long_grid, lightli_volcano_entry_magma_tube
Lair:5:   layout_cave_pods, portal_ice_cave_entry_imps, grunt_megastairs_1,
          lemuel_fruit_tree
Lair:6:   hangedman_lair_in_review, layout_long_grid, guppyfry_lair_end_dragon,
          slime_altar_2

Notes
Turn   | Place    | Note
-------+----------+-------------------------------------------
     0 | D:1      | Sobieck the Ogre Berserker began the quest for the Orb.
     0 | D:1      | Reached XP level 1. HP: 24/24 MP: 1/1
     0 | D:1      | magus.rc [v1.9.6]
     6 | D:1      | Noticed a water moccasin
     6 | D:1      | Noticed a black bear
     6 | D:1      | Noticed a snapping turtle
   215 | D:1      | Reached XP level 2. HP: 22/32 MP: 2/2
   324 | D:1      | You fall into a shaft and drop 1 floor!
   453 | D:2      | Reached skill level 3 in Maces & Flails
   453 | D:2      | Reached skill level 3 in Dodging
   654 | D:2      | Reached XP level 3. HP: 40/40 MP: 3/3
   841 | D:2      | You pick up a book of Minor Magic {forbidden} and begin
                  | reading...
   841 | D:2      | You add the spells Magic Dart, Blink, Call Imp, Slow,
                  | Conjure Flame and Mephitic Cloud to your library.
  1317 | D:1      | Reached XP level 4. HP: 40/49 MP: 4/4
  1561 | D:1      | Reached ** piety under Trog
  1562 | D:1      | Reached skill level 5 in Fighting
  1629 | D:1      | Found a faded altar of an unknown god.
  2262 | D:2      | Noticed Robin
  2268 | D:2      | Killed Robin
  2592 | D:2      | Reached XP level 5. HP: 57/57 MP: 5/5
  3310 | D:3      | Found Xeced's Assorted Antiques.
  3458 | D:3      | Reached skill level 4 in Maces & Flails
  3508 | D:3      | Reached skill level 4 in Dodging
  3511 | D:3      | Reached XP level 6. HP: 67/67 MP: 6/6
  3589 | D:5      | Entered Level 5 of the Dungeon
  3616 | D:5      | Reached *** piety under Trog
  3617 | D:5      | Reached skill level 6 in Fighting
  3693 | D:3      | Found a white marble altar of Elyvilon.
  4324 | D:6      | Reached XP level 7. HP: 64/76 MP: 7/7
  4405 | D:4      | Noticed Duvessa
  4405 | D:4      | Noticed Dowan
  4418 | D:4      | Killed Duvessa
  4435 | D:4      | Killed Dowan
  4436 | D:4      | Reached skill level 7 in Fighting
  4652 | D:4      | Found a burning altar of Makhleb.
  4969 | D:5      | Reached skill level 5 in Maces & Flails
  4976 | D:5      | Reached skill level 5 in Dodging
  5400 | D:5      | Reached XP level 8. HP: 88/88 MP: 8/8
  5652 | D:5      | Reached skill level 8 in Fighting
  6028 | D:5      | Noticed a troll
  6037 | D:5      | Killed a troll
  6312 | D:5      | Found a stormy altar of Qazlal.
  6375 | D:5      | Reached skill level 6 in Maces & Flails
  6447 | D:5      | Reached skill level 6 in Dodging
  6699 | D:6      | Found Jibbug's Weapon Emporium.
  6739 | D:6      | Reached skill level 9 in Fighting
  7173 | D:6      | Reached **** piety under Trog
  7210 | D:6      | Reached XP level 9. HP: 98/98 MP: 9/9
  7445 | D:6      | Found an ancient bone altar of Kikubaaqudgha.
  7890 | D:7      | Reached skill level 10 in Fighting
  7890 | D:7      | Reached skill level 7 in Maces & Flails
  7890 | D:7      | Reached skill level 7 in Dodging
  8049 | D:7      | Found a staircase to the Ecumenical Temple.
  8407 | D:7      | You pick up a book of Air {forbidden} and begin reading...
  8407 | D:7      | You add the spells Shock, Static Discharge, Swiftness,
                  | Airstrike and Lightning Bolt to your library.
  8585 | D:8      | Found an ornate altar of the Wu Jian Council.
  8626 | D:8      | Found an iron altar of Okawaru.
  8811 | D:8      | Found a blossoming altar of Fedhas.
  8811 | D:8      | Found a sacrificial altar of Ru.
  8875 | D:8      | Found a shadowy altar of Dithmenos.
  8890 | D:8      | Found an opulent altar of Gozag.
  9048 | D:8      | Found a glowing golden altar of the Shining One.
  9269 | D:8      | Noticed a komodo dragon
  9288 | D:8      | Killed a komodo dragon
  9289 | D:8      | Reached skill level 11 in Fighting
  9289 | D:8      | Reached XP level 10. HP: 113/113 MP: 10/10
  9386 | D:8      | Reached skill level 8 in Maces & Flails
  9583 | D:9      | Reached skill level 8 in Dodging
  9635 | D:9      | Reached ***** piety under Trog
  9887 | D:9      | Found a staircase to the Orcish Mines.
 10087 | D:10     | Entered Level 10 of the Dungeon
 10226 | D:9      | Reached skill level 12 in Fighting
 10287 | D:9      | Found Kouzese's Assorted Antiques.
 10486 | D:9      | You pick up a book of Misfortune {forbidden} and begin
                  | reading...
 10486 | D:9      | You add the spells Confusing Touch, Gell's Gravitas,
                  | Petrify, Metabolic Englaciation and Yara's Violent
                  | Unravelling to your library.
 10488 | D:9      | Found a hide-covered altar of Uskayaw.
 10519 | D:9      | Noticed a +0 dagger
 10519 | D:9      | Noticed a +0 falchion
 10519 | D:9      | Noticed a +0 dagger
 10520 | D:9      | Noticed a +0 falchion
 10521 | D:9      | Noticed a +0 spear
 10521 | D:9      | Noticed a +0 short sword
 10521 | D:9      | Noticed a +0 spear
 10521 | D:9      | Noticed a +0 short sword
 11115 | D:10     | Reached skill level 9 in Maces & Flails
 11257 | D:10     | Reached skill level 9 in Dodging
 11407 | D:10     | Found a staircase to the Lair.
 11482 | D:10     | Reached XP level 11. HP: 120/124 MP: 11/11
 11696 | D:11     | Noticed a green ugly thing
 11720 | D:10     | Killed a green ugly thing
 11976 | D:11     | You add the spells Sting, Poisonous Vapours, Ignite Poison
                  | and Olgreb's Toxic Radiance to your library.
 12010 | D:11     | Noticed a cyclops
 12040 | D:11     | Reached skill level 13 in Fighting
 12043 | D:11     | Killed a cyclops
 12165 | D:11     | You pick up a book of Frost {forbidden} and begin
                  | reading...
 12165 | D:11     | You add the spells Freeze, Frozen Ramparts, Ozocubu's
                  | Armour and Hailstorm to your library.
 12166 | D:11     | Noticed a cyclops
 12171 | D:11     | Killed a cyclops
 12296 | D:11     | Noticed a two-headed ogre
 12305 | D:11     | Killed a two-headed ogre
 12512 | D:11     | Noticed a boulder beetle
 12513 | D:11     | Found a runed translucent gate.
 12513 | D:11     | Found a runed translucent gate.
 12513 | D:11     | Found a runed translucent gate.
 12513 | D:11     | Noticed a cyclops
 12513 | D:11     | Noticed a green ugly thing
 12514 | D:11     | Noticed a great orb of eyes
 12514 | D:11     | Noticed Nuanaw's ghost (journeyman MiFi)
 12515 | D:11     | Noticed an ice dragon
 12515 | D:11     | a great orb of eyes changed into an ice dragon
 12516 | D:11     | Noticed a wolf spider
 12516 | D:11     | an ice dragon changed into a wolf spider
 12518 | D:11     | Noticed a two-headed ogre
 12518 | D:11     | a wolf spider changed into a two-headed ogre
 12525 | D:11     | Noticed a wolf spider
 12525 | D:11     | a two-headed ogre changed into a wolf spider
 12528 | D:11     | Noticed a satyr
 12528 | D:11     | a wolf spider changed into a satyr
 12530 | D:11     | Noticed a spark wasp
 12530 | D:11     | a satyr changed into a spark wasp
 12543 | D:11     | Reached skill level 10 in Maces & Flails
 12544 | D:11     | Noticed a great orb of eyes
 12544 | D:11     | a spark wasp changed into a great orb of eyes
 12546 | D:11     | Noticed an alligator
 12546 | D:11     | a great orb of eyes changed into an alligator
 12606 | D:11     | Noticed an ice dragon
 12607 | D:11     | Noticed a goliath frog
 12607 | D:11     | an ice dragon changed into a goliath frog
 12614 | D:11     | Noticed a fire dragon
 12614 | D:11     | a goliath frog changed into a fire dragon
 12617 | D:11     | Noticed an entropy weaver
 12617 | D:11     | a fire dragon changed into an entropy weaver
 12619 | D:11     | Noticed a minotaur
 12619 | D:11     | an entropy weaver changed into a minotaur
 12622 | D:11     | Noticed a catoblepas
 12646 | D:11     | Reached skill level 10 in Dodging
 12731 | D:11     | Found an opulent altar of Gozag.
 12866 | D:11     | Noticed a quicksilver ooze
 12869 | D:11     | Noticed a six-headed hydra
 12869 | D:11     | a quicksilver ooze changed into a six-headed hydra
 12873 | D:11     | Noticed a boulder beetle
 12873 | D:11     | a six-headed hydra changed into a boulder beetle
 12874 | D:11     | Noticed a quicksilver ooze
 12874 | D:11     | a boulder beetle changed into a quicksilver ooze
 12881 | D:11     | Noticed a bunyip
 12881 | D:11     | a quicksilver ooze changed into a bunyip
 12883 | D:11     | Noticed a goliath frog
 12883 | D:11     | a bunyip changed into a goliath frog
 12884 | D:11     | Noticed a spark wasp
 12884 | D:11     | a goliath frog changed into a spark wasp
 12888 | D:11     | Noticed a bunyip
 12888 | D:11     | a spark wasp changed into a bunyip
 12894 | D:11     | Noticed a satyr
 12894 | D:11     | a bunyip changed into a satyr
 12909 | D:11     | Noticed a great orb of eyes
 12909 | D:11     | a satyr changed into a great orb of eyes
 12914 | D:11     | Noticed an entropy weaver
 12914 | D:11     | a great orb of eyes changed into an entropy weaver
 12915 | D:11     | Noticed a spark wasp
 12915 | D:11     | an entropy weaver changed into a spark wasp
 12916 | D:11     | a spark wasp changed into a tyrant leech
 12924 | D:11     | Noticed an ice dragon
 12924 | D:11     | a tyrant leech changed into an ice dragon
 12926 | D:11     | an ice dragon changed into a slime creature
 12927 | D:11     | Noticed an anaconda
 12927 | D:11     | a slime creature changed into an anaconda
 12931 | D:11     | Noticed a shock serpent
 12931 | D:11     | an anaconda changed into a shock serpent
 12932 | D:11     | a shock serpent changed into a floating eye
 12933 | D:11     | Noticed a death drake
 12933 | D:11     | a floating eye changed into a death drake
 12937 | D:11     | a death drake changed into an elephant
 12944 | D:11     | Noticed a cyclops
 12944 | D:11     | a water nymph changed into a cyclops
 12948 | D:11     | Noticed a moth of wrath
 12948 | D:11     | a cyclops changed into a moth of wrath
 12951 | D:11     | Noticed a deep troll
 12951 | D:11     | a moth of wrath changed into a deep troll
 12952 | D:11     | Noticed a lindwurm
 12952 | D:11     | a deep troll changed into a lindwurm
 12957 | D:11     | Noticed a manticore
 12957 | D:11     | a lindwurm changed into a manticore
 12958 | D:11     | Noticed a lindwurm
 12958 | D:11     | a manticore changed into a lindwurm
 12960 | D:11     | a lindwurm changed into a tarantella
 12965 | D:11     | Noticed an orb spider
 12965 | D:11     | a guardian serpent changed into an orb spider
 12969 | D:11     | an orb spider changed into a yak
 12982 | D:11     | Identified a scroll of acquirement
 12982 | D:11     | Acquired a +2 spectral giant spiked club
 13018 | Lair:1   | Entered Level 1 of the Lair of Beasts
 13227 | Lair:1   | Acquired the ring "Pykes" {rCorr Str+6 SInv}
 13415 | Lair:2   | Reached skill level 14 in Fighting
 13418 | Lair:3   | Found a staircase to the Shoals.
 13418 | Lair:3   | Noticed a six-headed hydra
 13425 | Lair:3   | Killed a six-headed hydra
 13518 | Lair:1   | Noticed an eight-headed hydra
 13524 | Lair:1   | Killed an eight-headed hydra
 13525 | Lair:1   | Reached XP level 12. HP: 59/139 MP: 12/12
 13534 | Lair:1   | HP: 32/139 [blink frog (16)]
 13536 | Lair:1   | HP: 5/139 [blink frog (13)]
 13541 | Lair:1   | HP: 24/140 [blink frog (1)]
 13797 | Lair:1   | Identified the +1 flail "Anex" {vamp, Str+3}
 14160 | Lair:1   | Noticed a seven-headed hydra
 14163 | Lair:1   | Killed a seven-headed hydra
 14491 | Lair:2   | Noticed a four-headed hydra
 14496 | Lair:2   | Killed a four-headed hydra
 14497 | Lair:2   | Reached skill level 11 in Maces & Flails
 14497 | Lair:2   | Reached skill level 11 in Dodging
 14506 | Lair:2   | Reached skill level 15 in Fighting
 14538 | Lair:2   | Received a gift from Trog
 15083 | Lair:2   | Noticed Sonja
 15092 | Lair:2   | Killed Sonja
 15093 | Lair:2   | Reached skill level 12 in Maces & Flails
 15603 | Lair:3   | Noticed a five-headed hydra
 15606 | Lair:3   | Noticed a four-headed hydra
 15630 | Lair:2   | Killed a five-headed hydra
 16025 | Lair:3   | Noticed a six-headed hydra
 16066 | Lair:2   | Killed a six-headed hydra
 16127 | Lair:3   | Reached XP level 13. HP: 147/149 MP: 13/13
 16196 | Lair:3   | Reached skill level 13 in Maces & Flails
 16587 | Lair:3   | Found a staircase to the Snake Pit.
 16809 | Lair:3   | You fall into a shaft and drop 1 floor!
 17482 | Lair:4   | Reached skill level 14 in Maces & Flails
 18743 | Lair:6   | Entered Level 6 of the Lair of Beasts
 19731 | Lair:6   | Received a gift from Trog
 19732 | Lair:6   | Reached skill level 15 in Maces & Flails
 19835 | Lair:6   | Reached skill level 1 in Throwing
 19854 | Lair:6   | Found a runed translucent door.
 19855 | Lair:6   | Found a viscous altar of Jiyva.
 19855 | Lair:6   | Noticed an acid blob
 19857 | Lair:6   | Found a staircase to the Slime Pits.
 19885 | Lair:6   | Noticed an acid blob
 19946 | Lair:6   | Reached skill level 1 in Armour
 19997 | Lair:6   | Reached XP level 14. HP: 159/159 MP: 14/14
 20189 | Lair:6   | Reached skill level 2 in Throwing
 20404 | Lair:6   | Reached skill level 2 in Armour
 20694 | Lair:6   | Reached skill level 3 in Throwing
 21288 | Lair:6   | Reached skill level 3 in Armour
 21635 | Lair:6   | Reached skill level 4 in Throwing
 21678 | Lair:6   | Received a gift from Trog
 22323 | D:12     | You pick up a book of Necromancy {forbidden} and begin
                  | reading...
 22323 | D:12     | You add the spells Pain, Animate Skeleton, Vampiric
                  | Draining, Animate Dead and Agony to your library.
 22858 | D:12     | Found a runed translucent door.
 22864 | D:12     | Noticed Owiud's ghost (journeyman HuFi)
 23925 | D:14     | Reached skill level 4 in Armour
 23925 | D:14     | Reached XP level 15. HP: 119/169 MP: 15/15
 23968 | D:15     | Entered Level 15 of the Dungeon
 24012 | D:13     | Reached skill level 16 in Fighting
 24331 | D:13     | Reached skill level 5 in Throwing
 24335 | D:13     | Noticed Snorg
 24344 | D:13     | HP: 37/170 [boulder beetle (23)]
 24344 | D:13     | HP: 8/170 [boulder beetle (27)]
 24344 | D:13     | Slain by Snorg

Vanquished Creatures
  A fire dragon (Lair:6)
  11 hydras
  A boulder beetle (Lair:4)
  3 centaur warriors
  6 catoblepae
  4 two-headed ogres
  2 tengu warriors (D:13)
  3 death yaks (Lair:6)
  Sonja (Lair:2)
  A swamp dragon (Lair:6)
  A lindwurm (Lair:6)
  A deep elf pyromancer (D:13)
  An ugly thing (D:10)
  2 manticores (Lair:6)
  4 cyclopes
  10 elephants
  2 black mambas
  6 cane toads
  2 torpor snails (Lair:6)
  3 gargoyles
  A kobold demonologist (D:12)
  5 rime drakes (Lair:6)
  A tengu conjurer (D:13)
  7 komodo dragons
  3 trolls
  3 polar bears
  2 hornets
  10 dream sheep (Lair:6)
  24 blink frogs
  3 shadows
  A water elemental (D:13)
  4 wyverns
  A human (D:9)
  35 yaks
  6 basilisks
  4 steam dragons
  A warg (D:9)
  7 vampire mosquitoes
  3 acid dragons
  13 water moccasins
  Duvessa (D:4)
  3 swamp drakes (Lair:6)
  4 orc warriors
  2 ice beasts
  An ogre (D:5)
  25 wolves
  A necrophage (D:5)
  16 centaurs
  9 bullfrogs
  3 gnoll sergeants
  Dowan (D:4)
  3 scorpions
  11 killer bees
  5 wights (D:10)
  6 electric eels
  A bullfrog zombie (D:5)
  10 centaur zombies
  8 orc priests
  3 jellies
  6 hell rats (Lair:3)
  13 iguanas
  8 orc wizards
  2 howler monkey zombies
  Robin (D:2)
  11 gnolls
  10 adders
  2 river rats (D:3)
  A shadow imp (D:7)
  12 white imps (Lair:5)
  An ufetubus (D:7)
  6 worms
  4 dart slugs
  30 orcs
  4 ball pythons
  6 bats
  A bat zombie (D:6)
  3 endoplasms
  3 giant cockroaches
  13 goblins
  8 hobgoblins
  4 jackals (D:1)
  9 kobolds
  5 quokkas
  3 frilled lizards
  7 rats
  3 rat zombies (D:6)
488 creatures vanquished.

Vanquished Creatures (collateral kills)
  4 blink frogs (Lair:1)
4 creatures vanquished.

Vanquished Creatures (others)
  A bat (D:3)
  21 fungi
  50 plants
72 creatures vanquished.

Grand Total: 564 creatures vanquished

Table legend:
 A = Non-vault XP
 B = Vault XP
 C = Vault XP percentage of total XP
 D = Non-vault monster count
 E = Vault monster count
 F = Vault count percentage of total count
                 A         B        C        D         E       F
            +---------+---------+-------+---------+---------+-------
      Total |   70180 |   20524 |  22.6 |     378 |     114 |  23.2
            +---------+---------+-------+---------+---------+-------
        D:1 |      38 |       6 |  13.6 |      19 |       3 |  13.6
        D:2 |     141 |      33 |  19.0 |      26 |      10 |  27.8
        D:3 |      59 |      58 |  49.6 |      11 |       9 |  45.0
        D:4 |     192 |     223 |  53.7 |      16 |       2 |  11.1
        D:5 |    1127 |       0 |   0.0 |      16 |       0 |   0.0
        D:6 |     601 |       5 |   0.8 |      12 |       4 |  25.0
        D:7 |    1441 |       0 |   0.0 |      26 |       0 |   0.0
        D:8 |     587 |     521 |  47.0 |      13 |       6 |  31.6
        D:9 |    1768 |     687 |  28.0 |      15 |      15 |  50.0
       D:10 |    2738 |       0 |   0.0 |      18 |       0 |   0.0
       D:11 |    4690 |       0 |   0.0 |      16 |       0 |   0.0
       D:12 |    4725 |       0 |   0.0 |      12 |       0 |   0.0
       D:13 |    8440 |    1362 |  13.9 |      23 |       3 |  11.5
       D:14 |     952 |       0 |   0.0 |       1 |       0 |   0.0
     Lair:1 |    6398 |       0 |   0.0 |      24 |       0 |   0.0
     Lair:2 |    7475 |    1277 |  14.6 |      30 |       5 |  14.3
     Lair:3 |    8682 |      39 |   0.4 |      32 |       3 |   8.6
     Lair:4 |    5433 |       0 |   0.0 |      17 |       0 |   0.0
     Lair:5 |    2772 |    1461 |  34.5 |      12 |      14 |  53.8
     Lair:6 |   11921 |   14852 |  55.5 |      39 |      40 |  50.6
            +---------+---------+-------+---------+---------+-------

Illustrated notes

Table legend:
 A = Kills in this place as a percentage of kills in entire the game.
 B = Kills by you in this place as a percentage of kills by you in the entire game.
 C = Kills by friends in this place as a percentage of kills by friends in the entire game.
 D = Other kills in this place as a percentage of other kills in the entire game.
 E = Experience gained in this place as a percentage of experience gained in the entire game.
 F = Experience gained in this place divided by the number of levels of this place that you have seen.
                   A       B       C       D       E      F
               +-------+-------+-------+-------+-------+----------------------
         Total | 100.0 | 100.0 | 100.0 |   N/A | 100.0 | 4319.2
       Dungeon |  56.1 |  56.6 |   0.0 |   N/A |  33.5 | 2026.3
          Lair |  43.9 |  43.4 | 100.0 |   N/A |  66.5 | 10051.7
               +-------+-------+-------+-------+-------+----------------------

Table legend: (Time is in decaauts)
 A = Elapsed time spent in this place.
 B = Non-inter-level travel time spent in this place.
 C = Inter-level travel time spent in this place.
 D = Time resting spent in this place.
 E = Time spent auto-exploring this place.
 F = Levels seen in this place.
 G = Mean time per level.
                   A        B        C        D        E       F      G
               +--------+--------+--------+--------+--------+-----+--------+
         Total |  25195 |  23791 |   1404 |   6972 |  12028 |  21 | 1199.8 |
       Dungeon |  15926 |  15136 |    790 |   4779 |   7659 |  15 | 1061.7 |
          Lair |   9269 |   8655 |    614 |   2193 |   4368 |   6 | 1544.8 |
               +--------+--------+--------+--------+--------+-----+--------+

Top non-repeatable levels by time:
  Lair:6: 2440 daAuts
     D:2: 1794 daAuts
     D:5: 1732 daAuts
  Lair:3: 1641 daAuts
  Lair:2: 1526 daAuts
     D:1: 1502 daAuts
  Lair:5: 1406 daAuts
    D:11: 1269 daAuts
    D:13: 1188 daAuts
     D:9: 1188 daAuts
    D:10: 1172 daAuts
     D:8: 1165 daAuts
  Lair:4: 1135 daAuts
  Lair:1: 1119 daAuts
     D:7: 1046 daAuts
